 Dungeon Crawl Stone Soup version 0.19.1 (webtiles) character file.

56 KarmaPolice the Vandal (level 4, 0/30 HPs)
             Began as a Halfling Hunter on Dec 1, 2016.
             Slain by a gnoll
             ... wielding a +0 club
              (6 damage)
             ... on level 1 of the Dungeon.
             The game lasted 00:02:57 (1236 turns).

KarmaPolice the Vandal (Halfling Hunter)            Turns: 1236, Time: 00:02:57

Health: 0/30       AC:  4    Str: 13    XL:     4   Next: 15%
Magic:  4/4        EV: 15    Int:  9    God:
Gold:   93         SH:  0    Dex: 15    Spells: 0 memorised, 3 levels left

rFire  . . .     SeeInvis .     b - +0 short sword
rCold  . . .     Gourm    .     c - +0 leather armour
rNeg   . . .     Faith    .     (shield restricted)
rPois  .         Spirit   .     (no helmet)
rElec  .         Reflect  .     (no cloak)
rCorr  .         Harm     .     j - +0 pair of gloves
MR     .....                    (no boots)
Stlth  ++........               (no amulet)
                                (no ring)
                                (no ring)

@: no status effects
A: mutation resistance 1
a: no special abilities


You were on level 1 of the Dungeon.
You were not hungry.

You visited 1 branch of the dungeon, and saw 2 of its levels.

You collected 93 gold pieces.

Inventory:

Hand Weapons
 a - a +1 hunting sling
 b - a +0 short sword (weapon)
Missiles
 d - 37 sling bullets
 m - 43 stones (quivered)
Armour
 c - a +0 leather armour (worn)
 j - a +0 pair of gloves (worn)
Scrolls
 e - a scroll of teleportation {unknown}
 g - a scroll of blinking {unknown}
 l - a scroll of amnesia {unknown}
 r - a scroll of identify {unknown}
Potions
 i - a potion of degeneration {unknown}
 k - a potion of cure mutation {unknown}
 p - a potion of brilliance {unknown}
 q - a potion of agility {unknown}
Comestibles
 f - a bread ration
 h - a slice of pizza
 n - 2 meat rations
 o - 4 chunks of flesh


   Skills:
 + Level 2.3 Fighting
 + Level 2.0 Short Blades
 + Level 6.4 Slings
 + Level 2.8 Dodging
 - Level 1.1 Stealth


You had 3 spell levels left.
You didn't know any spells.

Dungeon Overview and Level Annotations

Branches:
Dungeon (2/15)

Altars:


Innate Abilities, Weirdness & Mutations

You are small and have problems with some larger weapons.
You are somewhat resistant to further mutation.


Message History

The gnoll hits you but does no damage.
Okay, then.
You barely miss the gnoll.
The gnoll is lightly wounded.
The gnoll hits you but does no damage.
You hit the gnoll.
The gnoll is lightly wounded.
The gnoll hits you with a club.
* * * LOW HITPOINT WARNING * * *
You barely miss the gnoll.
The gnoll is lightly wounded.
The gnoll hits you but does no damage.
You closely miss the gnoll.
The gnoll is lightly wounded.
The gnoll hits you with a club.
* * * LOW HITPOINT WARNING * * *
You hit the gnoll but do no damage.
The gnoll is lightly wounded.
The gnoll hits you with a club.
You die...

#..........# ##'''## #....
#..........# ##....## #....
#..........# #......#####....
#..........###...............
##...........................
#..........###......#####....
#..).......# #..##### #>...
#..........###.## #....
#...........@gg# #....
#..........##### ##...
##.........# ##########....
##..)....## #.....#†......
###...### #)....[....##.
#########..#### #.....#.......
.......#...##.## #.....#....###
.......#.#.##..## #####....#..#
.####.......##..#######..##.##.##


You could see 2 gnolls.

Vanquished Creatures
  A gnoll (D:1)
  2 adders (D:2)
  2 bats (D:1)
  A giant cockroach (D:1)
  4 goblins
  3 hobgoblins (D:1)
  2 jackals (D:1)
  A quokka (D:2)
  A frilled lizard (D:1)
  6 kobolds
  4 rats
27 creatures vanquished.

Notes
Turn   | Place    | Note
-------+----------+-------------------------------------------
     0 | D:1      | KarmaPolice the Halfling Hunter began the quest for the Orb.
     0 | D:1      | Reached XP level 1. HP: 14/14 MP: 1/1
   120 | D:1      | Reached skill level 6 in Slings
   171 | D:1      | Reached XP level 2. HP: 17/19 MP: 2/2
   224 | D:1      | Reached skill level 1 in Short Blades
   503 | D:1      | Reached XP level 3. HP: 22/24 MP: 3/3
  1125 | D:2      | Reached XP level 4. HP: 28/30 MP: 4/4
  1236 | D:1      | Slain by a gnoll

Skill      XL: |  1  2  3 |
---------------+----------+-----
Slings         | 6 |  6.4
Short Blades   | 1 2 |  2.0
Fighting       | 2 |  2.3
Dodging        | |  2.8
Stealth        | |  1.1

Action                   |  1- 3 |  4- 6 || total
-------------------------+-------+-------++-------
Melee: Short sword       |   124 |    13 ||   137
 Fire: Hunting sling     |     2 |       ||     2
 Stab: Sleeping          |     2 |       ||     2
  Eat: Chunk             |     1 |       ||     1
Armor: Leather armour    |    28 |     3 ||    31
Dodge: Dodged            |   105 |     8 ||   113
